 Dungeon Crawl Stone Soup version 0.26-a0-720-g2a1d101370 (webtiles) character file.

Game seed: 2058858171909273478

230 Maimakterion the Covered (level 6, 0/91 HPs)
             Began as a Human Wanderer on Nov 2, 2020.
             Succumbed to an orc wizard's poison
             ... on level 3 of the Dungeon.
             The game lasted 00:04:56 (4665 turns).

Maimakterion the Covered (Human Wanderer)           Turns: 4665, Time: 00:04:57

Health: 0/91       AC: 27    Str: 12    XL:     6   Next: 24%
Magic:  4/10       EV:  2    Int: 14    God:
Gold:   116        SH:  0    Dex: 13    Spells: 10/11 levels left

rFire    + . .     SeeInvis .   a - +0 club
rCold    . . .     Faith    .   (no shield)
rNeg     + + +     Spirit   .   (armour currently unavailable)
rPois    +         Reflect  .   (helmet currently unavailable)
rElec    .         Harm     .   (cloak currently unavailable)
rCorr    .         Rampage  .   (gloves currently unavailable)
MR       .....     NoTele   +   (boots currently unavailable)
Stlth    ..........             (no amulet)
HPRegen  0.25/turn              b - +4 ring of protection
MPRegen  0.12/turn              f - ring of protection from fire

@: berserking (expiring), lethally poisoned (0 -> -9), tree-form, very quick
A: no striking features
a: no special abilities


You were on level 3 of the Dungeon.
You were a tree.
You visited 1 branch of the dungeon, and saw 3 of its levels.

You collected 116 gold pieces.

Inventory:

Hand Weapons
 a - a +0 club (weapon)
Armour
 d - a +2 scale mail (melded)
Jewellery
 b - a +4 ring of protection (left branch)
 c - an uncursed ring of flight {unknown}
 e - an uncursed ring of resist corrosion
 f - a ring of protection from fire (right branch)
Scrolls
 h - 3 scrolls of remove curse
 i - a scroll of amnesia
 k - a scroll of blinking
 m - 2 scrolls of teleportation {unknown}
 n - a scroll of fog {unknown}
Potions
 o - a potion of haste {unknown}
 p - a potion of might {unknown}


   Skills:
 - Level 1.0 Maces & Flails
 - Level 1.0 Throwing
 + Level 4.2 Armour
 - Level 1.0 Stealth
 + Level 3.0 Spellcasting
 + Level 2.1 Conjurations
 + Level 3.3 Fire Magic


You had 10 spell levels left.
You knew the following spells:

 Your Spells              Type           Power        Failure   Level
a - Foxfire               Conj/Fire      #...         7%          1

Your spell library contained the following spells:

 Spells                   Type           Power        Failure   Level
 Poisonous Vapours        Pois/Air       #.....       32%         2
 Swiftness                Air            #.......     32%         2
 Inner Flame              Hex/Fire       #.......     32%         3


Dungeon Overview and Level Annotations

Branches:
Dungeon (3/15)

Altars:
Zin


Message History

You feel sick. Something hits you but does no damage.
You take 1 damage, and have 5/91 hp.
You closely miss something.
* * * LOW HITPOINT WARNING * * *
You feel sick. Something hits you but does no damage.
You take 2 damage, and have 3/91 hp.
You hit something.
Reactivating autopickup.
You feel a bit more experienced.
* * * LOW HITPOINT WARNING * * *
You feel sick.
You cannot move.
You hit the orc.
The orc is severely wounded.
* * * LOW HITPOINT WARNING * * *
You feel sick. The orc hits you but does no damage.
You take 2 damage, and have 1/91 hp.
You hit the orc.
You kill the orc!
You die...

.........#.###..........#
########.#.# #..#.....#.#
## #.#.###..###.###.# .#
#........# #...#.# .#
##...###.# ###.#.#
.#######.....##.#####.#.#
.....##.......#.........#
..##.#.....).).####.....##
...(.'.........)♣........##
..##.#.........##.........#
..##>##.......###.........#
..##.###...).## #.........#
####.# ##.).## ##......[##
# #.# ##'## ##.....## . ..#
#.# ##....# ### #.# ####.#
#.# #.#


There were no monsters in sight!

Vanquished Creatures
  2 orc wizards (D:3)
  3 gnolls
  5 adders
  3 worms
  2 dart slugs
  A leopard gecko (D:2)
  9 orcs (D:3)
  12 bats
  5 giant cockroaches
  12 goblins
  5 hobgoblins (D:3)
  3 jackals (D:1)
  2 quokkas
  A ball python (D:2)
  2 frilled lizards (D:2)
  7 kobolds
  A quokka zombie (D:3)
  5 rats
80 creatures vanquished.

Vanquished Creatures (others)
  56 foxfires
56 creatures vanquished.

Grand Total: 136 creatures vanquished

Notes
Turn   | Place    | Note
-------+----------+-------------------------------------------
     0 | D:1      | Maimakterion the Human Wanderer began the quest for the
                  | Orb.
     0 | D:1      | Maimakterion set off with the following items: a +0 club, a
                  | +2 scale mail; and the following spell memorised: Foxfire;
                  | and the following spells available to memorise: Poisonous
                  | Vapours, Swiftness, Inner Flame
     0 | D:1      | Reached XP level 1. HP: 13/13 MP: 3/3
    61 | D:1      | Reached XP level 2. HP: 7/19 MP: 5/5
   858 | D:1      | Reached XP level 3. HP: 23/24 MP: 6/6
  2058 | D:2      | Reached XP level 4. HP: 23/30 MP: 4/7
  2150 | D:2      | Found a glowing silver altar of Zin.
  2448 | D:3      | Reached skill level 3 in Armour
  2784 | D:3      | Reached XP level 5. HP: 32/35 MP: 7/9
  4264 | D:3      | Reached skill level 4 in Armour
  4264 | D:3      | Reached XP level 6. HP: 26/41 MP: 10/10
  4661 | D:3      | HP: 3/91 [poisoned by an orc wizard]
  4664 | D:3      | HP: 1/91 [poisoned by an orc wizard]
  4665 | D:3      | Succumbed to an orc wizard's poison

Illustrated notes

Levels and vault maps discovered:
D:1:      dpeg_arrival_arbitrary_b, layout_loops_cross,
          chequers_serial_rivers_micro_b
D:2:      layout_loops_corners, marbit_many_paths
D:3:      minmay_chambers_of_threes, layout_loops_corners

Skill      XL: |  1  2  3  4  5  6 |
---------------+-------------------+-----
Armour         | 3 4 |  4.2
Fire Magic     | 3 |  3.3
Spellcasting   | 3 |  3.0
Conjurations   | 2 |  2.1
Maces & Flails | |  1.0
Throwing       | |  1.0
Stealth        | |  1.0

Action                   |  1- 3 |  4- 6 || total
-------------------------+-------+-------++-------
Melee: Club              |   223 |   269 ||   492
 Cast: Foxfire           |     5 |    26 ||    31
  Use: Scroll            |       |     5 ||     5
       Potion            |       |     4 ||     4
Armor: Scale mail        |   195 |   215 ||   410
       Skin              |       |    37 ||    37
Dodge: Dodged            |   146 |   127 ||   273

Table legend: (Time is in decaauts)
 A = Elapsed time spent in this place.
 B = Non-inter-level travel time spent in this place.
 C = Inter-level travel time spent in this place.
 D = Time resting spent in this place.
 E = Time spent auto-exploring this place.
 F = Levels seen in this place.
 G = Mean time per level.
                   A        B        C        D        E       F      G
               +--------+--------+--------+--------+--------+-----+--------+
         Total |   4780 |   4687 |     93 |   1324 |   2373 |   3 | 1593.3 |
       Dungeon |   4780 |   4687 |     93 |   1324 |   2373 |   3 | 1593.3 |
               +--------+--------+--------+--------+--------+-----+--------+

Top non-repeatable levels by time:
     D:3: 2217 daAuts
     D:2: 1537 daAuts
     D:1: 1026 daAuts
